Match 46171725
Unlisted

Match 46171725
End
Construct Infanterie Kompanie
Kettenkrad Recon Vehicle
Selects Italian Coastal Battlegroup
Selects Coastal Reserves
MG 42 Machine Gun Team
MG 42 Machine Gun Team
Coastal Reserve
Construct Luftwaffe Kompanie
Jäger Squad
Jäger Squad
Selects Support Bunkers
Jäger Squad
Selects Rapid Fortifications
Rapid Fortifications
Medical Bunker
Selects Artillery Officer
Jäger Squad
Construct Panzer Kompanie
Medical Station
Artillery Officer
Panzer Officer Quarters
Synthoras
Apox
来吃鱼啊
乱弹琴
Brick_man
Nefris
Alc.Mit0Lu
asfgdfgs
0
0

Comments sign in to comment!

No comments posted yet!